 Dungeon Crawl Stone Soup version 0.31-a0-1236-gaa9e43cceb (webtiles) character file.

Game seed: 18013084674083845507

1796513 Kairakan the Conqueror (level 27, 249/249 HPs)
             Began as a Formicid Hunter on Dec 13, 2023.
             Was the Champion of Cheibriados.
             Escaped with the Orb
             ... and 3 runes on Dec 15, 2023!
             The game lasted 04:42:19 (62847 turns).

Kairakan the Conqueror (Formicid Hunter)           Turns: 62847, Time: 04:42:19

Health: 249/249    AC: 46    Str: 31    XL:     27
Magic:  39/39      EV: 36    Int: 25    God:    Cheibriados [******]
Gold:   4490       SH: 45    Dex: 50    Spells: 50/50 levels left

rFire   + + .        J - +6 triple crossbow (flame)
rCold   + . .        v - +8 tower shield {reflect}
rNeg    + . .        h - +9 scales of the Dragon King {rPois rF+ rC+ Will+}
rPois   +            (helmet unavailable)
rElec   +            R - +2 cloak of Greed {rPois rN+}
rCorr   .            l - +2 pair of gloves
SInv    +            F - +1 pair of boots of Aliocwuwaxt {rElec Int+2}
Will    +++++        c - amulet "Damnable Contraption" {Reflect Int+3 Dex+3 SH+5 SInv} Stlth
                     X - ring "Jiloecke" {rF+ Will++ EV+5 Int-2}
HPRegen 0.61/turn    P - ring of Youthful Indiscretion {rPois AC+4 Dex+5}
MPRegen 0.26/turn

%: reflection
@: studying 3 skills, very slow
A: permanent stasis, dig shafts and tunnels, antennae 3, four strong arms, dopey
1, screaming 1, weak 2
0: Orb of Zot
}: 3/15 runes: serpentine, barnacled, silver
a: Dig, Shaft Self, Renounce Religion, Bend Time, Temporal Distortion, Slouch,
Step From Time


You escaped.
You worshipped Cheibriados.
Cheibriados was exalted by your worship.
You visited 11 branches of the dungeon, and saw 51 of its levels.

You collected 10740 gold pieces.
You spent 6250 gold pieces at shops.

Inventory:

Hand Weapons
 J - a +6 triple crossbow of flaming (weapon)
 N - a +9 longbow of flaming
Missiles
 O - 2 silver javelins
Armour
 h - the +9 scales of the Dragon King (worn) {rPois rF+ rC+ Will+}
   (You found it on level 4 of the Realm of Zot)

   rF+:       It protects you from fire.
   rC+:       It protects you from cold.
   rPois:     It protects you from poison Will+: It increases your willpower.
 l - a +2 pair of gloves (worn)
 v - a +8 tower shield of reflection (worn)
 F - the +1 pair of boots of Aliocwuwaxt (worn) {rElec Int+2}
   (You found it on level 2 of the Shoals)

   Int+2:     It affects your intelligence (+2).
   rElec:     It insulates you from electricity.
 I - the +1 pair of boots "Kexe Liw" {rF+ Will+ Regen+ SInv}
   (You bought it in a shop on level 1 of the Shoals)

   rF+:       It protects you from fire.
   Will+:     It increases your willpower.
   SInv:      It lets you see invisible.
   Regen+:    It increases your rate of health regeneration.
 L - the +9 scale mail "Yleu" {rF+ rC++ Will+ Str+2}
   (You found it on level 2 of the Elven Halls)

   Str+2:     It affects your strength (+2).
   rF+:       It protects you from fire.
   rC++:      It greatly protects you from cold.
   Will+:     It increases your willpower.
 R - the +2 cloak of Greed (worn) {rPois rN+}
   (You found it on level 14 of the Dungeon)

   rPois:     It protects you from poison rN+: It protects you from negative
   energy.
 V - a +1 kite shield of positive energy
Jewellery
 c - the amulet "Damnable Contraption" (around neck) {Reflect Int+3 Dex+3 SH+5 SInv}
   (You bought it in a shop on level 2 of the Orcish Mines)

   [amulet of reflection]

   Reflect:   It reflects blocked missile attacks.
   Int+3:     It affects your intelligence (+3).
   Dex+3:     It affects your dexterity (+3).
   SInv:      It lets you see invisible.
   SH+5:      It affects your SH (+5).
 d - a +4 ring of slaying
 g - a ring of flight
 u - a ring of protection from fire
 x - the ring "Fixoviqo" {rF+ Dex+6}
   (You found it on level 5 of the Vaults)

   [ring of protection from fire]

   Dex+6:     It affects your dexterity (+6).
   rF+:       It protects you from fire.
 y - the amulet "Doahef" {Acrobat rC+ Dex+2}
   (You found it on level 1 of the Realm of Zot)

   [amulet of the acrobat]

   Acrobat:   It increases your evasion while moving and waiting.
   Dex+2:     It affects your dexterity (+2).
   rC+:       It protects you from cold.
 A - the amulet of Ushryscheu {-Tele Harm Regen+ rCorr}
   (You found it on level 14 of the Dungeon)

   [amulet of regeneration]

   -Tele:     It prevents most forms of teleportation.
   Regen+:    It increases your rate of health regeneration.
   rCorr:     It protects you from acid and corrosion.
   Harm:      It increases damage dealt and taken.
 P - the ring of Youthful Indiscretion (right hand) {rPois AC+4 Dex+5}
   (You found it on level 3 of the Elven Halls)

   [ring of protection]

   AC+4:      It affects your AC (+4).
   Dex+5:     It affects your dexterity (+5).
   rPois:     It protects you from poison
 X - the ring "Jiloecke" (left hand) {rF+ Will++ EV+5 Int-2}
   (You found it on level 4 of the Shoals)

   [ring of evasion]

   EV+5:      It affects your evasion (+5).
   Int-2:     It affects your intelligence (-2).
   rF+:       It protects you from fire.
   Will++:    It greatly increases your willpower.
 Y - a ring of protection from cold
 Z - a ring of willpower
Wands
 i - a wand of flame (134)
 n - a wand of digging (12)
 o - a wand of polymorph (13)
 t - a wand of charming (20)
 w - a wand of light (72)
 B - a wand of iceblast (48)
 W - a wand of mindburst (19)
Scrolls
 a - 3 scrolls of summoning
 b - a scroll of butterflies
 s - 4 scrolls of amnesia
 D - 2 scrolls of revelation
 G - 10 scrolls of fog
 M - 2 scrolls of enchant armour
 Q - 9 scrolls of fear
 S - 2 scrolls of silence
 U - 5 scrolls of poison
Potions
 e - 3 potions of enlightenment
 f - 9 potions of might
 j - 33 potions of curing
 k - 6 potions of heal wounds
 m - 3 potions of cancellation
 z - 11 potions of mutation
 C - 10 potions of lignification
 E - 4 potions of invisibility
 H - 3 potions of magic
 K - 4 potions of resistance
Miscellaneous
 p - a phantom mirror (inert)
 q - a lightning rod (4/4)
 T - a sack of spiders (inert)


   Skills:
 O Level 27 Fighting
 + Level 26.8 Ranged Weapons
 - Level 20.0 Armour
 - Level 18.0 Dodging
 - Level 1.3 Stealth
 - Level 22.0 Shields
 - Level 12.0 Spellcasting
 + Level 18.1 Invocations
 - Level 20.0 Evocations


You had 50 spell levels left.
You didn't know any spells.
Your spell library contained the following spells:

 Spells                   Type           Power      Damage    Failure   Level
 Apportation              Tloc           30%        N/A       45%         1
 Foxfire                  Conj/Fire      60%        2x1d7     45%         1
 Freeze                   Ice            60%        1d7       45%         1
 Necrotise                Necr           60%        1d7       45%         1
 Sting                    Tmut/Pois      60%        1d6       45%         1
 Summon Small Mammal      Summ           60%        N/A       45%         1
 Cigotuvi's Dreadful Rot  Necr/Pois/Air  30%        N/A       58%         2
 Ensorcelled Hibernation  Hex/Ice        30%        N/A       58%         2
 Jinxbite                 Hex            30%        N/A       58%         2
 Lesser Beckoning         Tloc           30%        N/A       58%         2
 Scorch                   Fire           30%        2d6       58%         2
 Sublimation of Blood     Necr           15%        N/A       58%         2
 Wereblood                Tmut           15%        N/A       58%         2
 Call Canine Familiar     Summ           15%        N/A       83%         3
 Dazzling Flash           Conj/Hex       30%        N/A       83%         3
 Gell's Gravitas          Tloc           15%        N/A       83%         3
 Hailstorm                Conj/Ice       15%        3d6       83%         3
 Ignite Poison            Fire/Tmut/Pois 15%        N/A       83%         3
 Ozocubu's Armour         Ice            15%        N/A       83%         3
 Summon Guardian Golem    Hex/Summ       15%        N/A       83%         3
 Teleport Other           Tloc           15%        N/A       83%         3
 Tukima's Dance           Hex            15%        N/A       83%         3
 Vampiric Draining        Necr           15%        2d7       83%         3
 Volatile Blastmotes      Fire/Tloc      30%        2d12      83%         3
 Anguish                  Hex/Necr       7%         N/A       99%         4
 Animate Armour           Summ/Erth      30%        N/A       99%         4
 Dispel Undead            Necr           15%        3d10      99%         4
 Flame Wave               Conj/Fire      15%        2d7       99%         4
 Iskenderun's Mystic Bla  Conj/Tloc      15%        2d5       99%         4
 Leda's Liquefaction      Hex/Erth       7%         N/A       99%         4
 Manifold Assault         Tloc           15%        N/A       99%         4
 Olgreb's Toxic Radiance  Pois           15%        N/A       99%         4
 Passage of Golubria      Tloc           15%        N/A       99%         4
 Petrify                  Tmut/Erth      15%        N/A       99%         4
 Sticky Flame             Conj/Fire      15%        2d4       99%         4
 Summon Ice Beast         Ice/Summ       15%        N/A       99%         4
 Agony                    Necr           15%        N/A       100%        5
 Alistair's Intoxication  Tmut/Pois      10%        N/A       100%        5
 Arcjolt                  Conj/Air       7%         1d17      100%        5
 Freezing Cloud           Conj/Ice/Air   7%         6-21      100%        5
 Irradiate                Conj/Tmut      7%         3d14      100%        5
 Iskenderun's Battlesphe  Conj           15%        2d7       100%        5
 Lee's Rapid Deconstruct  Erth           7%         3d7*      100%        5
 Metabolic Englaciation   Hex/Ice        7%         N/A       100%        5
 Yara's Violent Unravell  Hex/Tmut       7%         3d5       100%        5
 Bombard                  Conj/Erth      7%         9d2       100%        6
 Death Channel            Necr           7%         N/A       100%        6
 Dispersal                Tloc           7%         N/A       100%        6
 Eringya's Noxious Bog    Tmut/Pois      7%         4d6       100%        6
 Plasma Beam              Fire/Air       7%         2x1d18    100%        6
 Simulacrum               Ice/Necr       7%         N/A       100%        6
 Starburst                Conj/Fire      7%         6d4       100%        6
 Summon Cactus Giant      Summ           7%         N/A       100%        6
 Orb of Destruction       Conj           7%         9d6       100%        7
 Ozocubu's Refrigeration  Ice            7%         4d9       100%        7
 Spellforged Servitor     Conj/Summ      7%         N/A       100%        7
 Summon Hydra             Summ           7%         N/A       100%        7
 Discord                  Hex            7%         N/A       100%        8
 Disjunction              Tloc           7%         N/A       100%        8
 Ignition                 Fire           7%         3d5       100%        8
 Maxwell's Capacitive Co  Air            7%         ∞         100%        8
 Polar Vortex             Ice            7%         12d1*     100%        9
 Shatter                  Erth           7%         3d10*     100%        9
 Blink                    Tloc           Unusable   N/A       N/A         2
 Vhi's Electric Charge    Tloc/Air       Unusable   N/A       N/A         4

Dungeon Overview and Level Annotations

Branches:
Dungeon (15/15)            Temple (0/1) D:5            Lair (5/5) D:10
 Shoals (4/4) Lair:3        Snake (4/4) Lair:3        Slime (0/5) Lair:4
    Orc (2/2) D:10            Elf (3/3) Orc:2        Vaults (5/5) D:13
  Crypt (3/3) Vaults:3       Tomb (0/3) Crypt:3      Depths (4/4) D:15
   Hell (visited)             Dis (0/7) Hell            Geh (0/7) Hell
    Coc (0/7) Hell            Tar (0/7) Hell            Zot (5/5) Depths:4

Altars:
Cheibriados
Elyvilon
Hepliaklqana
Kikubaaqudgha
Nemelex Xobeh
Qazlal
Trog
Uskayaw
Vehumet
Xom
Yredelemnul
Jiyva

Shops:
D:3 =   D:13 :   Orc:2 (=([(   Elf:1 *   Elf:3 (   Shoals:1 *[(*   Shoals:2 :
Shoals:4 (   Snake:2 :   Vaults:2 !   Vaults:5 ?

Portals:
Hell: Depths:1 Depths:2 Depths:3 Depths:4
Abyss: Depths:2 Depths:3
Pandemonium: Depths:2
Ziggurat: Depths:1

Annotations:
Depths:2 1 transporter
Zot:3 4 transporters


Innate Abilities, Weirdness & Mutations

You cannot be hasted, slowed, berserked, paralysed or teleported.
You can dig through walls and to a lower floor.
You have a pair of large antennae on your head. (SInv)
Your four strong arms can wield two-handed weapons with a shield.
You are dopey. (Int -2)
You occasionally shout uncontrollably at your foes.
You are very weak. (Str -4)


Message History

There is a stone staircase leading down here.
A neqoxec comes into view.
You shoot a bolt. The bolt hits the neqoxec!!!
The bolt burns the neqoxec!
You kill the neqoxec!
Cheibriados appreciates the change of pace.
You sense a monster nearby.
A soul eater comes into view.
You yell at the soul eater!
You shoot a bolt. The bolt hits the soul eater!!!!
The bolt burns the soul eater!!
You kill the soul eater!
Cheibriados appreciates the change of pace.
There is an escape hatch in the ceiling here.
A mysterious force pulls you upwards. The hatch slams shut behind you.
Aiming: Dig
Press: ? - help, Shift-Dir - straight line You can't see that place. [the floor.]
The rock shatters into small pieces.
Aiming: Dig
Press: ? - help, Shift-Dir - straight line You can't see that place. [a rock wall.]
The rock shatters into small pieces.
A lorocyproca comes into view.
You shoot a bolt. The bolt hits the lorocyproca!!!
The bolt burns the lorocyproca.
The lorocyproca is severely wounded.
You shoot a bolt. The bolt hits the lorocyproca!!!
The bolt burns the lorocyproca.
You kill the lorocyproca!
Cheibriados appreciates the change of pace.
You feel your dexterity returning.
Aiming: Dig
Press: ? - help, Shift-Dir - straight line You can't see that place. [the floor.]
The rock shatters into small pieces.
There is a staircase leading out of the dungeon here.
You have escaped!

#...........###....#..#..#
#... #...........#
####.......# #...
#...........# ##........#
#... ###...........#
##....##...######
...........####
#...#####..##....
.####.######### #..##
##.##.### .#
#.........###.## #..#.....
.# #########.##..#
##.##..... .#
#....#.##@.## ##..##.....
.#
#.##.#.###..####..#.......
)#
#.#......##.##.....##.....
.#
#.##.#.#.##....######.....
.# #........####### #.....
.#########.####.# ##...#
......## #....#.# #...~
..PP...######.#.# #..##
.....P..#####.#.# #..#≈


There were no monsters in sight!

Vanquished Creatures
  A dread lich (Zot:5)
  2 ancient liches (Zot:5)
  3 orbs of fire
  Frederick (Vaults:4)
  Mara (Depths:3)
  2 juggernauts
  The ghost of Adaxemni the Impregnable, a legendary GrFi of Qazlal (Zot:1)
  Sojobo (Depths:4)
  Boris (twice) (Vaults:4 Crypt:3)
  Parghit (Zot:2)
  Bai Suzhen (Vaults:2)
  6 Killer Klowns (Zot:5)
  Geryon (Hell)
  Xtahua (Crypt:1)
  4 caustic shrikes (Depths:4)
  8 curse toes
  10 golden dragons
  Nikola (Vaults:3)
  2 bone dragons
  Jory (Crypt:3)
  3 electric golems
  A Tzitzimitl (Zot:3)
  3 pandemonium lords
  A shard shrike zombie (Crypt:2)
  A hellephant (Hell)
  15 tentacled monstrosities
  25 Orb Guardians (Zot:5)
  5 liches
  A walking crystal tome (Depths:4)
  2 deep elf blademasters (Elf:3)
  2 quicksilver dragons (Zot:4)
  2 deep elf master archers (Elf:3)
  Asterion (Vaults:2)
  6 titans
  2 sphinxes
  The ghost of confidenceinterval the Bludgeoner, an adept OgSh of Yredelemnul (Orc:2)
  18 storm dragons
  12 death cobs
  8 ancient champions
  4 nagarajas
  Polyphemus (Shoals:2)
  4 tengu reavers
  2 krakens
  A rockslime (Zot:5)
  The ghost of Lajad the Destroyer, an adept OpFE of Sif Muna (Elf:1)
  Donald (Elf:2)
  Ilsuiw (Shoals:3)
  17 shadow dragons
  4 revenants
  6 protean progenitors
  7 fire giants
  11 draconian knights
  7 draconian monks
  3 iron dragons
  8 deep elf sorcerers
  3 frost giants
  17 vault wardens
  6 draconian scorchers
  6 draconian shifters
  2 balrugs
  3 deep elf elementalists (Elf:3)
  The ghost of Waitepy the Thaumaturge, a journeyman DjAE of Makhleb (D:14)
  17 very ugly things
  4 spectral caustic shrikes (Depths:1)
  3 spriggan defenders
  12 ghouls
  3 orc warlords
  2 spectral
  Killer Klowns (Zot:1)
  8 draconian annihilators
  4 formless jellyfish
  2 reapers
  4 war gargoyles
  A caustic shrike zombie (Depths:3)
  12 stone giants
  14 green draconians
  A cacodemon (Hell)
  4 draconian stormcallers
  10 vampire knights
  28 ironbound preservers
  8 ironbound thunderhulks
  7 deep elf demonologists
  3 lorocyprocas
  21 black draconians
  Nessos (Lair:4)
  7 yellow draconians
  A minotaur (Orc:2)
  12 red draconians
  11 dire elephants
  6 purple draconians
  5 spark wasps
  5 white draconians
  9 deep elf annihilators
  10 merfolk javelineers
  4 blizzard demons (Hell)
  9 eidola
  10 ettins
  Josephine (Lair:4)
  14 jiangshi
  7 deep elf death magi
  8 fire dragons
  2 deep elf high priests
  10 merfolk impalers
  2 entropy weavers
  2 fenstrider witch zombies (Crypt:2)
  15 yaktaur captains
  Fannar (Lair:1)
  9 great orbs of eyes
  13 ice dragons
  2 jorogumos (Zot:2)
  2 rakshasas (Depths:1)
  37 vault guards
  2 spriggan air magi
  A catoblepas (Shoals:2)
  2 spriggan zombies
  3 salamander tyrants
  10 ironbound frosthearts
  12 centaur warriors
  4 hydras
  4 death knights
  2 ogre magi
  2 two-headed ogres (shapeshifter) (Vaults:5)
  6 deep troll earth magi
  9 two-headed ogres
  6 anacondas
  4 merfolk aquamancers
  3 merfolk avatars
  A spectral draconian (Zot:1)
  3 deep troll shamans
  2 satyrs
  11 tengu warriors
  4 hell hogs (Hell)
  10 boulder beetles
  A Killer Klown simulacrum (Zot:1)
  18 death yaks
  22 naga warriors
  An orc high priest (Elf:1)
  An occultist (Depths:2)
  33 dancing weapons
  A spectral storm dragon (Zot:1)
  Urug (Lair:2)
  13 naga sharpshooters
  13 shock serpents
  4 spriggan berserkers
  17 vampire magi
  6 soul eaters
  4 sun demons
  25 deep elf knights
  Sonja (Lair:4)
  4 storm dragon zombies
  16 hell knights
  A titan zombie (Depths:3)
  A fire crab (shapeshifter) (Elf:1)
  A titan skeleton (Crypt:2)
  25 skeletal warriors
  A fire crab (Lair:4)
  6 iron trolls
  5 shadow wraiths
  A sea snake (shapeshifter) (Depths:3)
  2 spark wasp zombies
  4 salamander mystics
  4 skysharks
  3 glowing orange brains
  A bunyip zombie (Crypt:2)
  2 anaconda zombies
  9 sea snakes
  8 flayed ghosts
  4 shadow demons (Hell)
  3 golden dragon zombies (Crypt:3)
  4 bog bodies
  A swamp dragon (Lair:5)
  An orange crystal statue (Shoals:2)
  8 deep elf archers
  21 ironbound convokers
  11 arcanists
  3 lindwurms (Vaults:1)
  A kraken simulacrum (Hell)
  67 deep trolls
  10 naga ritualists
  16 harpies
  A large abomination (Zot:1)
  12 phantasmal warriors
  13 necromancers
  8 orc knights
  2 orc sorcerers
  28 deep elf zephyrmancers
  7 fauns
  39 ugly things
  A wolf spider (Lair:5)
  15 mana vipers
  26 salamanders
  12 cyclopes
  19 deep elf pyromancers
  A stone giant zombie (Crypt:3)
  A faun (shapeshifter) (Vaults:5)
  24 manticores
  22 moths of wrath
  A centaur zombie (Crypt:3)
  A frost giant skeleton (Crypt:3)
  13 merfolk sirens
  8 kobold blastminers (Orc:2)
  2 iron dragon skeletons
  20 vault sentinels
  15 elephants
  A fire giant skeleton (Crypt:3)
  8 guardian serpents
  21 naga magi
  6 rust devils
  4 molten gargoyles (Hell)
  10 water nymphs
  5 smoke demons
  An ice statue (Lair:4)
  A gargoyle (D:11)
  A guardian serpent (shapeshifter) (Vaults:5)
  A dire elephant zombie (Crypt:3)
  31 black mambas
  An eleionoma skeleton (Crypt:1)
  A centaur skeleton (Crypt:2)
  2 orange demons
  A swamp worm zombie (Crypt:3)
  A hellion (Zot:3)
  8 komodo dragons
  15 cane toads
  3 torpor snails
  A dire elephant skeleton (Crypt:3)
  2 sea snake zombies (Hell)
  A red draconian zombie (Crypt:2)
  A minotaur zombie (Crypt:2)
  An anaconda simulacrum (Crypt:2)
  A kobold demonologist (D:13)
  3 tengu conjurers
  A komodo dragon (shapeshifter) (D:13)
  An unseen horror (D:12)
  7 freezing wraiths
  25 yaktaurs
  6 rime drakes
  2 tormentors
  2 ice devils (Lair:4)
  A sea snake skeleton (Hell)
  34 merfolk
  2 mana viper zombies
  6 trolls
  A red devil (Zot:5)
  4 harpy zombies
  A merfolk (shapeshifter) (Vaults:5)
  9 hornets
  The ghost of YordlordTheGreat the Covert, a novice SpEn (D:5)
  5 polar bears
  A tarantella (shapeshifter) (Vaults:5)
  A harpy skeleton (Crypt:3)
  11 wind drakes
  A hydra skeleton (Hell)
  An ice dragon zombie (Crypt:3)
  A glass eye (shapeshifter) (Vaults:5)
  A glass eye (Depths:1)
  10 snapping turtles
  A jumping spider zombie (Crypt:1)
  9 blink frogs
  A moth of wrath zombie (Crypt:1)
  11 dream sheep
  A draconian simulacrum (Zot:1)
  10 flying skulls (Crypt:1)
  A satyr zombie (Crypt:1)
  2 centaur simulacra
  48 slime creatures
  A black mamba zombie (Crypt:3)
  18 vampires (Crypt:3)
  7 spriggans
  A shadow (D:12)
  A culicivora (shapeshifter) (D:15)
  3 air elementals
  12 wraiths
  A dire elephant simulacrum (Lair:4)
  43 yaks
  3 ettin skeletons
  16 water elementals
  12 wyverns
  3 fire elementals
  7 basilisks
  2 neqoxecs
  Grum (D:10)
  A steam dragon (Lair:5)
  6 golden eyes (Depths:4)
  6 redbacks
  4 wargs
  Menkaure (D:7)
  14 vampire mosquitoes
  A water nymph zombie (Crypt:1)
  2 harpy simulacra
  49 nagas
  A hydra simulacrum (Hell)
  A glowing shapeshifter zombie (Depths:3)
  3 acid dragons
  19 water moccasins
  2 naga zombies (Crypt:3)
  A deep troll skeleton (Crypt:3)
  A faun skeleton (Crypt:3)
  2 swamp drakes (Lair:5)
  2 black bears
  29 orc warriors
  An ice beast (D:4)
  A sky beast (D:6)
  A manticore zombie (Crypt:3)
  A cane toad skeleton (Crypt:2)
  20 centaurs
  17 ogres
  6 boggarts
  29 wolves
  The ghost of rumpelstilzz the Stinger, an amateur OpVM (D:3)
  A phantom (D:6)
  14 bullfrogs
  A cane toad simulacrum (Lair:4)
  A gnoll sergeant (D:9)
  2 earth elementals (Elf:2)
  4 necrophages
  A scorpion (D:4)
  6 wights
  A queen bee zombie (Crypt:1)
  A polar bear zombie (Crypt:3)
  A shapeshifter skeleton (Crypt:2)
  11 howler monkeys
  A wolf zombie (Crypt:1)
  5 lava snakes
  2 electric eels (Snake:2)
  A quasit (Zot:5)
  6 hounds
  2 gnoll boudas
  26 orc priests
  A sleepcap (D:6)
  17 jellies
  2 hell rats (Lair:4)
  6 iguanas
  19 orc wizards
  5 spriggan simulacra
  An acid dragon zombie (Crypt:3)
  An ogre zombie (Crypt:3)
  A hound zombie (Crypt:1)
  19 gnolls
  A howler monkey skeleton (Crypt:1)
  14 river rats
  7 adders
  A naga simulacrum (Lair:4)
  2 white imps
  4 worms
  2 dart slugs
  78 orcs
  16 ball pythons
  4 bats
  3 endoplasms (D:1)
  3 giant cockroaches
  9 hobgoblins
  2 jackals (D:3)
  5 kobolds
  5 quokkas
  3 training dummies (Orc:2)
  5 frilled lizards
  8 goblins
  A hobgoblin zombie (Crypt:1)
  11 rats
  A spectral hobgoblin (D:9)
  2 aspiring fleshes (Zot:4)
  A spectral weapon (Vaults:2)
  6 tentacles
2512 creatures vanquished.

Vanquished Creatures (collateral kills)
  Mennas (Vaults:4)
  Margery (Vaults:2)
  A hell knight (Vaults:2)
  A red devil (Zot:5)
4 creatures vanquished.

Vanquished Creatures (others)
  A stone giant (Vaults:3)
  A kraken zombie (Hell)
  A moth of wrath (Zot:2)
  15 tentacles
18 creatures vanquished.

Grand Total: 2534 creatures vanquished

Notes
Turn   | Place    | Note
-------+----------+-------------------------------------------
     0 | D:1      | Kairakan the Formicid Hunter began the quest for the Orb.
     0 | D:1      | Reached XP level 1. HP: 16/16 MP: 1/1
   108 | D:1      | Reached XP level 2. HP: 23/23 MP: 2/2
   297 | D:1      | Reached XP level 3. HP: 28/28 MP: 3/3
   790 | D:2      | Reached skill level 3 in Fighting
   819 | D:2      | Found a bloodstained altar of Trog.
   946 | D:2      | Reached XP level 4. HP: 35/35 MP: 4/4
  1360 | D:1      | Reached skill level 5 in Ranged Weapons
  1679 | D:3      | Found a sparkling altar of Nemelex Xobeh.
  1685 | D:3      | Found a stormy altar of Qazlal.
  1724 | D:3      | Found a snail-covered altar of Cheibriados.
  1815 | D:3      | Became a worshipper of Cheibriados the Contemplative
  1985 | D:3      | Found a white marble altar of Elyvilon.
  2090 | D:3      | Found a runed translucent door.
  2090 | D:3      | Noticed rumpelstilzz's ghost (amateur OpVM)
  2099 | D:3      | Found Zisah's Jewellery Boutique.
  2399 | D:3      | Found a runed translucent door.
  2487 | D:4      | Reached XP level 5. HP: 28/41 MP: 5/5
  2890 | D:4      | Reached skill level 4 in Fighting
  2890 | D:4      | Reached XP level 6. HP: 48/48 MP: 6/6
  2891 | D:4      | Reached * piety under Cheibriados
  2912 | D:4      | Reached skill level 1 in Invocations
  3211 | D:4      | Noticed an ogre
  3216 | D:4      | Killed an ogre
  3217 | D:4      | Reached XP level 7. HP: 55/55 MP: 8/8
  3454 | D:5      | Entered Level 5 of the Dungeon
  3594 | D:4      | Reached skill level 1 in Armour
  3700 | D:4      | Reached skill level 5 in Fighting
  3883 | D:4      | Reached XP level 8. HP: 9/62 MP: 10/10
  4155 | D:5      | Noticed a wyvern
  4432 | D:6      | Reached ** piety under Cheibriados
  4535 | D:6      | Identified the +1 ring mail of Slovenliness {rC+}
  5035 | D:5      | Found a runed translucent door.
  5036 | D:5      | Noticed YordlordTheGreat's ghost (novice SpEn)
  5066 | D:5      | Found a staircase to the Ecumenical Temple.
  5098 | D:5      | Identified the +8 chain mail "Avao" {rF- rC+ Dex+6 Stlth+}
  5136 | D:5      | Found a radiant altar of Vehumet.
  5170 | D:5      | Identified the +4 orcbow "Hydra's Nightmare" {freeze, Str+6
                  | Dex+3}
  5215 | D:5      | Killed a wyvern
  5216 | D:5      | Reached skill level 6 in Fighting
  5216 | D:5      | Reached XP level 9. HP: 49/69 MP: 8/12
  5728 | D:7      | Reached skill level 5 in Invocations
  5794 | D:7      | Noticed Menkaure
  5799 | D:7      | Killed Menkaure
  6252 | D:8      | Reached *** piety under Cheibriados
  6258 | D:8      | Noticed a two-headed ogre
  6294 | D:8      | Found a basalt altar of Yredelemnul.
  6455 | D:8      | Reached skill level 7 in Fighting
  6455 | D:8      | Reached skill level 5 in Armour
  6457 | D:8      | Reached XP level 10. HP: 79/79 MP: 14/14
  6486 | D:8      | Reached skill level 10 in Ranged Weapons
  6794 | D:9      | Reached **** piety under Cheibriados
  7075 | D:8      | Killed a two-headed ogre
  7076 | D:8      | Reached skill level 1 in Shields
  7218 | D:8      | Got the Compendium of Geological Transformation
  7365 | D:8      | Reached skill level 8 in Fighting
  7760 | D:9      | Found a hazy altar of Hepliaklqana.
  7832 | D:10     | Entered Level 10 of the Dungeon
  7871 | D:10     | Noticed Grum
  7875 | D:10     | Reached XP level 11. HP: 86/86 MP: 16/16
  7878 | D:10     | Killed Grum
  7912 | D:9      | Identified a scroll of acquirement
  7912 | D:9      | Acquired a manual of Evocations
  7994 | D:10     | Found a staircase to the Orcish Mines.
  8016 | D:10     | Noticed a tengu warrior
  8016 | D:10     | Noticed a tengu warrior
  8153 | D:10     | Noticed a death yak
  8154 | D:10     | Noticed a death yak
  8160 | D:10     | Noticed a death yak
  8160 | D:10     | You fall into a shaft and drop 3 floors!
  8313 | D:12     | Noticed a two-headed ogre
  8316 | D:12     | Killed a two-headed ogre
  8536 | D:11     | Noticed a boulder beetle
  8547 | D:11     | Killed a boulder beetle
  8711 | D:11     | Noticed a boulder beetle
  8726 | D:11     | Killed a boulder beetle
  8727 | D:11     | Reached skill level 9 in Fighting
  8727 | D:11     | Reached skill level 5 in Shields
  8818 | D:11     | Noticed a cyclops
  8821 | D:11     | Killed a cyclops
  8943 | D:11     | Noticed a two-headed ogre
  8947 | D:11     | Killed a two-headed ogre
  9080 | D:11     | Reached ***** piety under Cheibriados
  9085 | D:11     | Noticed a boulder beetle
  9100 | D:11     | Killed a boulder beetle
  9101 | D:11     | Reached XP level 12. HP: 70/96 MP: 13/18
  9856 | D:12     | Reached skill level 10 in Fighting
 10209 | D:12     | Noticed a boulder beetle
 10221 | D:12     | Killed a boulder beetle
 10241 | D:12     | You fall into a shaft and drop 2 floors!
 10420 | D:13     | Noticed a centaur warrior
 10423 | D:13     | Killed a centaur warrior
 10482 | D:13     | Noticed a tengu warrior
 10482 | D:13     | Noticed a tengu warrior
 10484 | D:13     | Noticed a two-headed ogre
 10488 | D:13     | Killed a tengu warrior
 10489 | D:13     | Reached skill level 11 in Fighting
 10491 | D:13     | Killed a tengu warrior
 10492 | D:13     | Killed a two-headed ogre
 10504 | D:13     | Noticed a centaur warrior
 10508 | D:13     | Killed a centaur warrior
 10509 | D:13     | Reached XP level 13. HP: 88/106 MP: 7/19
 10533 | D:13     | Found Cotwuash's Tremendous Tomes.
 10711 | D:13     | Noticed a four-headed hydra
 10722 | D:13     | Killed a four-headed hydra
 10723 | D:13     | Reached skill level 15 in Ranged Weapons
 10766 | D:13     | Found a gate to the Vaults.
 10843 | D:13     | Reached skill level 12 in Fighting
 10904 | D:13     | Noticed a centaur warrior
 10912 | D:13     | Killed a centaur warrior
 11217 | D:12     | You fall into a shaft and drop 1 floor!
 11811 | D:10     | Found a staircase to the Lair.
 12011 | Lair:1   | Entered Level 1 of the Lair of Beasts
 12260 | Lair:1   | Reached ****** piety under Cheibriados
 12296 | Lair:1   | Reached skill level 13 in Fighting
 12309 | Lair:1   | Noticed Fannar
 12316 | Lair:1   | Killed Fannar
 12317 | Lair:1   | Reached XP level 14. HP: 118/118 MP: 20/20
 13736 | Lair:2   | Noticed Urug
 13738 | Lair:2   | Killed Urug
 13902 | Lair:3   | Reached skill level 14 in Fighting
 14734 | Lair:3   | Reached XP level 15. HP: 127/127 MP: 21/21
 14739 | Lair:3   | Found a staircase to the Snake Pit.
 15132 | Lair:4   | Noticed Josephine
 15137 | Lair:4   | Killed Josephine
 15247 | Lair:4   | Found a viscous altar of Jiyva.
 15247 | Lair:4   | Found a staircase to the Slime Pits.
 15751 | Lair:4   | Noticed Sonja
 15754 | Lair:4   | Killed Sonja
 15870 | Lair:4   | Noticed Nessos
 15874 | Lair:4   | Killed Nessos
 15875 | Lair:4   | Reached skill level 15 in Fighting
 16735 | Orc:1    | Entered Level 1 of the Orcish Mines
 17351 | Orc:2    | Entered Level 2 of the Orcish Mines
 17481 | Orc:2    | Found a runed translucent gate.
 17481 | Orc:2    | Found a runed translucent gate.
 17481 | Orc:2    | Found a runed translucent gate.
 17486 | Orc:2    | Noticed confidenceinterval's ghost (adept OgSh)
 17537 | Orc:2    | Found a staircase to the Elven Halls.
 17608 | Orc:2    | Found Nagip's Firing Range.
 17619 | Orc:2    | Bought a manual of Ranged Weapons for 800 gold pieces
 17761 | Orc:2    | Found a dark tunnel.
 17913 | Orc:2    | Noticed an orc warlord
 17923 | Orc:2    | Killed an orc warlord
 18161 | Orc:2    | Found Tool Yra's Antique Armour Shoppe.
 18165 | Orc:2    | Found Fuik's Antique Weapon Emporium.
 18228 | Orc:2    | Found Asmy's Jewellery Shoppe.
 18237 | Orc:2    | Bought the amulet "Damnable Contraption" {Reflect Int+3
                  | Dex+3 SH+5 SInv} for 645 gold pieces
 18543 | Orc:2    | Found Kouckaxt's Antique Weapon Emporium.
 18960 | D:5      | Killed YordlordTheGreat's ghost
 19195 | Lair:5   | Entered Level 5 of the Lair of Beasts
 19346 | Lair:5   | Reached skill level 16 in Fighting
 19400 | Lair:5   | Reached XP level 16. HP: 138/138 MP: 16/22
 20119 | Lair:5   | Got Keorev's Joy of Hermeneutics
 20314 | Lair:5   | Reached skill level 17 in Fighting
 20700 | Orc:2    | Bought a transparent plate armour for 756 gold pieces
 20700 | Orc:2    | Identified the +3 plate armour of the Dripping Gods {rC++}
                  | (You bought it in a shop on level 2 of the Orcish Mines)
 20713 | Orc:2    | Bought a pair of gloves for 121 gold pieces
 21075 | D:14     | Found a transporter.
 21157 | D:14     | Noticed Waitepy's ghost (journeyman DjAE)
 21326 | D:14     | Found a transporter.
 21368 | D:14     | Found a hide-covered altar of Uskayaw.
 21548 | D:15     | Entered Level 15 of the Dungeon
 21703 | D:15     | Found a staircase to the Depths.
 21924 | D:15     | Reached XP level 17. HP: 148/148 MP: 24/24
 22135 | D:15     | Reached skill level 10 in Invocations
 22154 | D:15     | Reached skill level 10 in Armour
 22369 | Depths:1 | Entered Level 1 of the Depths
 22600 | Shoals:1 | Entered Level 1 of the Shoals
 22649 | Shoals:1 | Reached skill level 18 in Fighting
 22692 | Shoals:1 | Identified the maw talisman "Hatyst" {Will+ Dex-4 Slay+2}
 22737 | Shoals:1 | Noticed a kraken
 22744 | Shoals:1 | Killed a kraken
 23107 | Shoals:1 | Found Plog's Visitors' Centre.
 23128 | Shoals:1 | Found Plog's Merfolk Armours.
 23128 | Shoals:1 | Found Plog's Merfolk Weapons.
 23128 | Shoals:1 | Found Plog's Merfolk Magic.
 23308 | Shoals:2 | Found a transporter.
 23377 | Shoals:2 | Found Ceseomad's Self-Improvement Boutique.
 23387 | Shoals:2 | Found a transporter.
 23479 | Snake:1  | Entered Level 1 of the Snake Pit
 24752 | D:3      | Killed rumpelstilzz's ghost
 24988 | Orc:2    | Killed confidenceinterval's ghost
 25247 | Snake:2  | Found Wiffeap's Book Shoppe.
 25302 | Snake:2  | Reached XP level 18. HP: 126/158 MP: 25/25
 25558 | Snake:2  | Reached skill level 5 in Dodging
 25646 | Snake:2  | Reached skill level 19 in Fighting
 26505 | Shoals:2 | Reached skill level 10 in Shields
 26728 | Shoals:2 | Identified the +7 dagger of the Freezing King {vamp,
                  | Stlth+}
 26787 | Shoals:2 | Noticed Polyphemus
 26804 | Shoals:2 | Killed Polyphemus
 27162 | Shoals:2 | Bought a manual of Dodging for 1040 gold pieces
 27304 | Shoals:3 | Noticed Ilsuiw
 27312 | Shoals:3 | Killed Ilsuiw
 27727 | Snake:3  | Reached XP level 19. HP: 168/168 MP: 26/26
 28188 | Snake:3  | Reached skill level 20 in Fighting
 29213 | Shoals:3 | Reached skill level 10 in Dodging
 29213 | Shoals:3 | Identified the +4 trident "Badoel" {heavy, +Blink Int+5}
 29311 | Shoals:4 | Entered Level 4 of the Shoals
 29710 | Shoals:4 | Identified the ring "Jiloecke" {rF+ Will++ EV+5 Int-2}
 29813 | Shoals:4 | Got a barnacled rune of Zot
 30058 | Shoals:4 | Found Enybett's Antique Weapon Shoppe.
 30129 | Shoals:4 | Identified the +6 spear "Ultimatum" {flame, rElec Str+4
                  | Dex-3}
 30501 | Snake:4  | Entered Level 4 of the Snake Pit
 30505 | Snake:4  | Reached skill level 21 in Fighting
 30723 | Snake:4  | Reached XP level 20. HP: 180/180 MP: 27/27
 31152 | Snake:4  | Reached skill level 1 in Evocations
 31416 | Snake:4  | Got a serpentine rune of Zot
 31902 | Depths:1 | Found a gateway to Hell.
 31923 | Depths:1 | Found a one-way gateway to a ziggurat.
 31943 | Depths:1 | Noticed a golden dragon
 31948 | Depths:1 | Killed a golden dragon
 31949 | Depths:1 | Reached skill level 5 in Evocations
 32019 | Depths:1 | Reached skill level 22 in Fighting
 32143 | Depths:1 | Acquired a manual of Evocations
 32682 | Depths:2 | Found a shimmering altar of Xom.
 32682 | Depths:2 | Found a shimmering altar of Xom.
 32682 | Depths:2 | Found a shimmering altar of Xom.
 32682 | Depths:2 | Found a shimmering altar of Xom.
 32682 | Depths:2 | Found a shimmering altar of Xom.
 32686 | Depths:2 | Found a shimmering altar of Xom.
 32686 | Depths:2 | Found a shimmering altar of Xom.
 32891 | Depths:2 | Found a one-way gate leading to the halls of Pandemonium.
 32917 | Depths:2 | Reached skill level 10 in Evocations
 32927 | Depths:2 | Found a transporter.
 32960 | Depths:2 | Reached XP level 21. HP: 190/190 MP: 28/28
 33023 | Depths:2 | Reached skill level 23 in Fighting
 33093 | Depths:2 | Noticed a juggernaut
 33214 | Depths:2 | Found a one-way gate to the infinite horrors of the Abyss.
 33472 | D:14     | Killed Waitepy's ghost
 33514 | D:14     | Identified the +2 cloak of Greed {rPois rN+}
 33539 | D:14     | Identified the amulet of Ushryscheu {-Tele Harm Regen+
                  | rCorr}
 33801 | Shoals:2 | Identified the +1 pair of boots of Aliocwuwaxt {rElec
                  | Int+2}
 34295 | Depths:3 | Noticed Mara
 34533 | Depths:3 | Reached skill level 24 in Fighting
 34569 | Depths:3 | Killed Mara
 35180 | Depths:4 | Entered Level 4 of the Depths
 35213 | Depths:4 | Noticed a caustic shrike
 35213 | Depths:4 | Noticed a caustic shrike
 35214 | Depths:4 | Noticed a caustic shrike
 35214 | Depths:4 | Noticed a caustic shrike
 35216 | Depths:4 | Killed a caustic shrike
 35216 | Depths:4 | Killed a caustic shrike
 35218 | Depths:4 | Killed a caustic shrike
 35218 | Depths:4 | Killed a caustic shrike
 35219 | Depths:4 | Reached skill level 25 in Fighting
 35219 | Depths:4 | Reached XP level 22. HP: 206/206 MP: 14/29
 35235 | Depths:4 | Noticed a juggernaut
 35236 | Depths:4 | Noticed Sojobo
 35240 | Depths:4 | Noticed a juggernaut
 35246 | Depths:3 | Killed a juggernaut
 35418 | Depths:4 | Killed Sojobo
 35745 | Depths:4 | Killed a juggernaut
 35756 | Depths:4 | Noticed a bone dragon
 35767 | Depths:4 | Killed a bone dragon
 36337 | Depths:4 | Found a gate to the Realm of Zot.
 36452 | Depths:4 | Identified the +9 rapier of Itiwujupeh {drain, rPois rC+
                  | rN++ MP+9}
 36631 | Vaults:1 | Entered Level 1 of the Vaults
 36787 | Vaults:1 | Reached skill level 15 in Evocations
 36845 | Vaults:1 | Reached skill level 26 in Fighting
 38002 | Vaults:1 | Reached XP level 23. HP: 207/217 MP: 30/30
 38341 | Vaults:2 | Noticed Margery
 38353 | Vaults:2 | Noticed Asterion
 38355 | Vaults:2 | Killed Margery
 38741 | Vaults:2 | Killed Asterion
 38867 | Vaults:2 | Noticed Bai Suzhen
 38879 | Vaults:2 | Killed Bai Suzhen
 39167 | Vaults:2 | Found Wyxigun's Distillery.
 39192 | Vaults:2 | Identified the +1 orcbow "Spiderbane" {antimagic, ^Fragile
                  | rN+ rCorr Str+2}
 39195 | Vaults:2 | Reached skill level 27 in Fighting
 39286 | Vaults:2 | Got Nojyv's Essays on Horrible Transition
 39729 | Vaults:3 | Found a staircase to the Crypt.
 40089 | Vaults:3 | Noticed Nikola
 40097 | Vaults:3 | Killed Nikola
 40475 | Vaults:3 | Reached XP level 24. HP: 227/227 MP: 30/30
 41393 | Vaults:4 | Noticed Mennas
 41403 | Vaults:4 | Killed Mennas
 41420 | Vaults:4 | Noticed Frederick
 41426 | Vaults:4 | Killed Frederick
 41427 | Vaults:4 | Reached skill level 15 in Armour
 41559 | Vaults:4 | Noticed Boris
 41568 | Vaults:4 | Killed Boris
 42614 | Vaults:4 | Upgraded the game from 0.31-a0-1205-g5e5e916f41 to
                  | 0.31-a0-1223-gfd5aef93c1
 42700 | Crypt:1  | Entered Level 1 of the Crypt
 43110 | Crypt:1  | Found a basalt altar of Yredelemnul.
 43124 | Crypt:1  | Noticed Xtahua
 43130 | Crypt:1  | Killed Xtahua
 43131 | Crypt:1  | Reached XP level 25. HP: 200/234 MP: 31/31
 43806 | Elf:1    | Entered Level 1 of the Elven Halls
 44070 | Elf:1    | Reached skill level 15 in Shields
 44157 | Elf:1    | Found Vesm's Assorted Antiques.
 44168 | Elf:1    | Bought a scroll of acquirement for 988 gold pieces
 44176 | Elf:1    | Acquired a manual of Necromancy
 44406 | Elf:1    | Found a runed translucent gate.
 44406 | Elf:1    | Found a runed translucent gate.
 44406 | Elf:1    | Found a runed translucent gate.
 44408 | Elf:1    | Noticed Lajad's ghost (adept OpFE)
 44433 | Elf:1    | Killed Lajad's ghost
 44573 | Elf:1    | Identified the +3 pair of gloves of the Demon Prince
                  | {+Blink +Inv Str+3 Slay-4}
 45070 | Elf:2    | Identified the +9 scale mail "Yleu" {rF+ rC++ Will+ Str+2}
 45115 | Elf:2    | Found a runed translucent gate.
 45117 | Elf:2    | Found a runed translucent gate.
 45122 | Elf:2    | Found a runed translucent gate.
 45356 | Elf:2    | Noticed Donald
 45365 | Elf:2    | Killed Donald
 45432 | Elf:2    | Reached skill level 1 in Spellcasting
 45698 | Elf:3    | Entered Level 3 of the Elven Halls
 45916 | Elf:3    | Acquired 757 gold pieces
 46006 | Elf:3    | Found Atzieg's Weapon Shop.
 46402 | Elf:3    | Reached skill level 5 in Spellcasting
 46590 | Elf:3    | Identified the ring of Tewin {Ice ^Contam rElec rN+ Str+3
                  | Int+4}
 46609 | Elf:3    | Identified the amulet of Faq Geno {Spirit rElec Int+3}
 46717 | Elf:3    | Found the +3 greatsling "Punk" {acid, rCorr}
 46759 | Elf:3    | Found the +12 glaive of Prune {freeze, Prune}
 46761 | Elf:3    | Identified the +1 scale mail of the Hanged Man {rElec
                  | Will+++ Str-2 Int-2}
 46761 | Elf:3    | Found the +8 trishula "Condemnation" {holy, anguish, *Noise
                  | Fly rN+}
 46787 | Elf:3    | Identified the +4 sling of Dominance {drain, rC+}
 46795 | Elf:3    | Identified the ring of Youthful Indiscretion {rPois AC+4
                  | Dex+5}
 46806 | Elf:3    | Identified the ring of Jon Umes {rF+ Dex+2 SInv}
 47863 | Crypt:2  | Reached XP level 26. HP: 242/242 MP: 35/35
 48131 | Crypt:2  | Reached skill level 10 in Spellcasting
 48846 | Crypt:3  | Entered Level 3 of the Crypt
 48887 | Crypt:3  | Noticed Boris
 49098 | Crypt:3  | Found an ancient bone altar of Kikubaaqudgha.
 49359 | Crypt:3  | Killed Boris
 49446 | Crypt:3  | Found a staircase to the Tomb.
 49926 | Crypt:3  | Noticed Jory
 49935 | Crypt:3  | Killed Jory
 50643 | Hell     | Entered the Vestibule of Hell
 50643 | Hell     | Noticed Geryon
 50655 | Hell     | Reached XP level 27. HP: 241/249 MP: 30/39
 50662 | Hell     | Killed Geryon
 50665 | Hell     | Reached skill level 15 in Dodging
 50786 | Hell     | Gained mutation: You are weak. (Str -2) [a cacodemon]
 51163 | Hell     | Found a gateway to the freezing wastes of Cocytus.
 51409 | Hell     | Found a gateway to the Iron City of Dis.
 51488 | Hell     | Found a gateway to the ashen valley of Gehenna.
 51625 | Hell     | Found a gateway to the decaying netherworld of Tartarus.
 51981 | Vaults:5 | Entered Level 5 of the Vaults
 52396 | Vaults:5 | Identified the ring "Fixoviqo" {rF+ Dex+6}
 52435 | Vaults:5 | Identified the +10 war axe "Hellblazer" {freeze, rElec rC-
                  | rN+}
 52829 | Vaults:5 | Upgraded the game from 0.31-a0-1223-gfd5aef93c1 to
                  | 0.31-a0-1236-gaa9e43cceb
 52926 | Vaults:5 | Identified the +2 broad axe of Umehuam {freeze, Str+9}
 53207 | Vaults:5 | Found Monkych's Magic Scroll Boutique.
 53211 | Vaults:5 | Bought 3 scrolls of enchant armour for 292 gold pieces
 53211 | Vaults:5 | Bought a scroll of enchant armour for 97 gold pieces
 53219 | Vaults:5 | Bought a scroll of enchant weapon for 97 gold pieces
 53634 | Vaults:5 | Got a silver rune of Zot
 53990 | Zot:1    | Entered Level 1 of the Realm of Zot
 54104 | Zot:1    | Found a transporter.
 54107 | Zot:1    | Noticed Adaxemni's ghost (legendary GrFi)
 54132 | Zot:1    | Found a transporter.
 54883 | Zot:2    | Identified the +6 war axe of the Well-Known Tales {freeze,
                  | *Corrode *Slow rF+++ Will+ Int+4}
 55072 | Zot:2    | Noticed Parghit
 55080 | Zot:2    | Killed Parghit
 55235 | Zot:2    | Identified the +7 halberd "Tack" {drain, Dex+3}
 55911 | Zot:3    | Found a transporter.
 56122 | Zot:3    | Found a transporter.
 56969 | Zot:3    | Found a transporter.
 56995 | Zot:3    | Found a transporter.
 57345 | Zot:1    | Killed Adaxemni's ghost
 57732 | Zot:1    | Identified the amulet "Doahef" {Acrobat rC+ Dex+2}
 58141 | Elf:1    | Bought a potion of heal wounds for 95 gold pieces
 58497 | Shoals:1 | Bought the +1 pair of boots "Kexe Liw" {rF+ Will+ Regen+
                  | SInv} for 599 gold pieces
 58523 | Shoals:1 | Bought the Atlas of the Snowflakes for 504 gold pieces
 58528 | Shoals:1 | Bought 2 silver javelins for 216 gold pieces
 59048 | Zot:5    | Entered Level 5 of the Realm of Zot
 59418 | Zot:4    | Noticed an orb of fire
 59426 | Zot:4    | Gained mutation: You occasionally shout uncontrollably at
                  | your foes. [an orb of fire]
 59430 | Zot:4    | Killed an orb of fire
 60084 | Zot:4    | Found the +9 scales of the Dragon King {rPois rF+ rC+
                  | Will+}
 60401 | Zot:5    | Identified the +1 crystal plate armour of the Doldrums
                  | {Rampage rCorr Int+4}
 60484 | Zot:5    | Noticed a dread lich
 60487 | Zot:5    | Killed a dread lich
 60579 | Zot:5    | Reached skill level 15 in Invocations
 60954 | Zot:5    | Noticed an ancient lich
 61008 | Zot:5    | Noticed a Killer Klown
 61009 | Zot:5    | Noticed a Killer Klown
 61014 | Zot:5    | Killed a Killer Klown
 61016 | Zot:5    | Noticed an orb of fire
 61017 | Zot:5    | a Killer Klown changed into a titan
 61018 | Zot:5    | Gained mutation: You are very weak. (Str -4) [an orb of
                  | fire]
 61021 | Zot:5    | Killed an orb of fire
 61021 | Zot:5    | Noticed a Killer Klown
 61026 | Zot:5    | Killed a Killer Klown
 61034 | Zot:5    | Noticed a Killer Klown
 61037 | Zot:5    | Killed a Killer Klown
 61042 | Zot:5    | Noticed a Killer Klown
 61042 | Zot:5    | Noticed a Killer Klown
 61043 | Zot:5    | a Killer Klown changed into a rockslime
 61044 | Zot:5    | Noticed a Killer Klown
 61045 | Zot:5    | Killed a Killer Klown
 61062 | Zot:5    | Noticed an orb of fire
 61066 | Zot:5    | Killed a Killer Klown
 61067 | Zot:5    | Noticed a Killer Klown
 61068 | Zot:5    | Gained mutation: You are dopey. (Int -2) [an orb of fire]
 61069 | Zot:5    | Killed an orb of fire
 61081 | Zot:5    | Killed a Killer Klown
 61124 | Zot:5    | Killed an ancient lich
 61475 | Zot:5    | Noticed an ancient lich
 61484 | Zot:5    | Killed an ancient lich
 62208 | Zot:5    | Got the Orb of Zot
 62214 | Zot:5    | Noticed Super the pandemonium lord
 62228 | Zot:5    | Killed Super the pandemonium lord
 62234 | Zot:5    | Noticed Moduk the pandemonium lord
 62248 | Zot:5    | Killed Moduk the pandemonium lord
 62598 | D:13     | Noticed Qyileapn the pandemonium lord
 62608 | D:12     | Killed Qyileapn the pandemonium lord
 62682 | D:7      | Noticed Pedghessa the pandemonium lord
 62847 | D:$      | Escaped with the Orb!

Illustrated notes

Levels and vault maps discovered:
D:1:      dpeg_arrival_round_b, layout_basic, minivault_4, nicolae_grassy_gnolls
D:2:      layout_loops_cross, basic_altar
D:3:      layout_loops_ring, elyvilon_altar_3, mainiacjoe_overflow_catwalk,
          jmf_multi_god_temple, serial_shops, shop, ebering_ghost_sewer_f
D:4:      layout_gridville
D:5:      cheibrodos_fzero, layout_rooms, mainiacjoe_overflow_chevrons,
          minmay_temple_entry_butterflies, hellmonk_ghost_happy_afterlife,
          serial_library_hellmonk_room_b
D:6:      layout_loops_ring
D:7:      layout_cave_pools, minivault_25, uniq_menkaure
D:8:      layout_basic, yredelemnul_altar_generic, kb_lookout_dungeons_type,
          minivault_21
D:9:      layout_rooms, nicolae_hepliaklqana_monster_ancestors
D:10:     layout_grid_maze, dpeg_lair_monsters, david_orc_3,
          nicolae_lava_and_water, uniq_grum
D:11:     layout_roguey
D:12:     minmay_angry_zag, layout_basic
D:13:     layout_roguey, david_vaults_4, nicolae_shop_i_like_big_books
D:14:     layout_long_grid, nicolae_uskayaw_dance_hall,
          gammafunk_ghost_berserking_beasts
D:15:     gammafunk_depths_entry_grave, layout_rooms,
          minmay_misc_feat_diagonals, minmay_fractal_squares_gapless_7
Lair:1:   layout_loops_ring, uniq_fannar
Lair:2:   layout_regular_city, infiniplex_staircase_pool_2, uniq_urug
Lair:3:   nzn_winding_woodlands_small [nzn_winding_woodlands_5x15_pockets,
          nzn_winding_woodlands_center_pierced_h,
          nzn_winding_woodlands_5x15_zeroes], layout_cave_pods,
          nicolae_shoals_entry_flooding, nicolae_snake_entry_warm_welcome,
          grunt_megastairs_5, lemuel_fruit_tree
Lair:4:   dreamdust_isle_of_ice, layout_hall_layers,
          minmay_slime_entry_jelly_boxes, kennysheep_rathole, uniq_sonja,
          uniq_josephine, uniq_nessos
Lair:5:   guppyfry_lair_end_dragon, layout_gridlike,
          hangedman_lair_tendril_chambers, serial_forest,
          infiniplex_forest_clump_diagonal, infiniplex_forest_straight_5,
          infiniplex_forest_lined_room_3, infiniplex_forest_straight_3,
          infiniplex_forest_end_double, infiniplex_forest_clump_diagonal,
          infiniplex_forest_pool, infiniplex_forest_end_double,
          lemuel_fruit_fields
Shoals:1: nicolae_shoals_mermall, layout_shoals
Shoals:2: gammafunk_sealed_arena, layout_shoals, nicolae_shop_self_help,
          uniq_polyphemus
Shoals:3: layout_shoals, uniq_ilsuiw
Shoals:4: shoals_end_simple, layout_shoals, serial_shops,
          nicolae_shop_just_a_little_nook
Snake:1:  layout_onion
Snake:2:  layout_misc_corridors, serial_shops, shop, serial_bayou,
          serial_bayou_crossing, serial_bayou_shore_a, serial_bayou_pond_a,
          serial_bayou_pond_e
Snake:3:  nicolae_snake_crotalidae_crossing, layout_chambers,
          nicolae_snake_lava_pool
Snake:4:  johnstein_snake_rune_scales, layout_cave_shapes, st_stairs_11
Orc:1:    minmay_goldmine, layout_caves, mines1_david
Orc:2:    grunt_orc_community_town_hall, layout_caves,
          grunt_orc_community_big_house_1, grunt_orc_community_big_house_2,
          grunt_orc_community_house_3, grunt_orc_community_house_1,
          grunt_orc_community_house_2, grunt_orc_community_house_1,
          grunt_orc_community_house_3, grunt_orc_community_house_2,
          enter_volcano_1, basic_altar, maelrawn_ghost_gauntlet_escape,
          nicolae_shop_firing_range
Elf:1:    nicolae_elf_arrival_aired_out, layout_gridlike,
          gammafunk_ghost_tricky_traps, serial_shops, shop,
          hangedman_corner_corridor, grunt_ministairs_11
Elf:2:    nicolae_elf_blades_splatter_lattice
          [nicolae_vaults_blade_armed_guards], layout_loops_cross, uniq_donald
Elf:3:    minmay_elf_hall_furrowed, layout_loops_corners, serial_shops,
          nicolae_shop_bloodbath_and_beyond
Vaults:1: ontoclasm_vaults_misaligned, nicolae_vaults_double_plus_1,
          nicolae_vaults_layer_cake_slice, nicolae_vaults_surprise_closet,
          v_misc_14, nicolae_vaults_weapon_check, nicolae_vaults_network_star,
          nicolae_vaults_closet_pinwheel_2, nicolae_vaults_hexular_roomagon,
          vaults_mumra_bighexcomb, nicolae_vaults_three_branches,
          nicolae_vaults_diagonal_hallway_9, layout_vaults_omnicross
Vaults:2: lightli_enter_wizlab_magi_temple, nicolae_vaults_closet_pinwheel_1,
          nicolae_vaults_little_squares_1, nicolae_vaults_storage_room_statues,
          nicolae_vaults_yaktaur_gun_rack, ontoclasm_vaults_chip,
          nicolae_vaults_library_corner, v_pattern_4,
          nicolae_vaults_little_squares_1, grunt_vaults_focal,
          nicolae_vaults_little_squares_6, vaults_room_fours,
          layout_vaults_ring, serial_shops, shop, uniq_margery, uniq_bai_suzhen,
          uniq_asterion
Vaults:3: v_misc_18, nicolae_vaults_lightning_bolt, nicolae_vaults_turnstiles,
          nicolae_vaults_oval_intersection, nicolae_vaults_house_2,
          minmay_crypt_entry_simple_sparse, v_misc_5,
          nicolae_vaults_off_center_swirl, nicolae_vaults_house_3,
          hangedman_vaults_stream, layout_vaults_big_room, uniq_nikola
Vaults:4: nicolae_vaults_storage_closets_1, nicolae_vaults_mini_display_case,
          nicolae_vaults_tetromino_T_2, nicolae_vaults_prndl,
          nicolae_vaults_apartment_2, nicolae_vaults_six-pack,
          nicolae_vaults_closet_pinwheel_3, nicolae_vaults_heart-shaped_vault,
          nicolae_vaults_murderbox, layout_vaults_quadrants, uniq_boris,
          uniq_frederick, uniq_mennas
Vaults:5: serial_shops
Crypt:1:  layout_basic, basic_altar, grunt_crypt_arrival_split, uniq_xtahua
Crypt:2:  layout_regular_city, serial_sigils, serial_sigils_hangedman_quiver,
          serial_sigils_hangedman_shear, serial_sigils_hangedman_shear,
          serial_sigils_hangedman_leer, grunt_megastairs_1
Crypt:3:  due_elkab, layout_chaotic_city, basic_altar
Depths:1: layout_cave_pools, enter_ziggurat_c, serial_bayou_ford_a,
          pf_hell_entry_tar_river, amcnicky_mini_pool_medium
Depths:2: emtedronai_trogs_sanctum, layout_basic, pan_entry, hell_entry,
          abyss_entry_small_statue_room, kennysheep_flooded_box,
          nicolae_xom_altar_mimics, minmay_staircase_windowed_small
Depths:3: hangedman_cross_stitches, layout_cave_pools, abyss_entry_glasseish,
          hell_entry, nicolae_the_louvre, uniq_mara
Depths:4: evilmike_zot_entry_basic, layout_cave_pools, serial_glass,
          glass_columns_b, glass_columns_a, hangedman_glass_teeth,
          lightli_too_deep, uniq_sojobo
Hell
Zot:1:    layout_twisted_circle, gammafunk_ghost_mausoleum,
          regret_index_zotdec_under_construction
Zot:2:    layout_basic, uniq_parghit
Zot:3:    layout_concentric_octagons, regret_index_zotdec_iron_s,
          nicolae_transporter_intersection, uniq_josephina
Zot:4:    layout_gridville, zot_minivault_8, lemuel_elevator,
          regret_index_zotdec_banners
Zot:5:    layout_twisted_circle, drop_trap

Skill      XL: |  1  2  3  4  5  6  7  8  9 10 11 12 13 14 15 16 17 18 19 20 21 22 23 24 25 26 27 |
---------------+----------------------------------------------------------------------------------+-----
Dodging        | 2 4 8 12 14 18 | 18.0
Fighting       | 3 4 5 6 7 8 9 11 13 14 16 17 18 19 21 22 25 26 27 | 27.0
Ranged Weapons | 5 6 7 8 9 11 12 14 16 18 20 22 23 24 26 | 26.8
Invocations    | 2 3 4 6 7 8 9 10 11 12 18 | 18.1
Armour         | 1 3 5 6 8 9 11 12 13 16 17 20 | 20.0
Shields        | 2 6 8 11 12 14 18 19 22 | 22.0
Evocations     | 10 12 16 20 | 20.0
Spellcasting   | 8 12 | 12.0
Stealth        | |  1.3

Action                     |  1- 3 |  4- 6 |  7- 9 | 10-12 | 13-15 | 16-18 | 19-21 | 22-24 | 25-27 || total
---------------------------+-------+-------+-------+-------+-------+-------+-------+-------+-------++-------
   Fire: Shortbow          |    55 |   122 |   133 |       |       |       |       |       |       ||   310
         Orcbow            |       |       |    67 |   312 |   596 |       |       |       |       ||   975
         Longbow           |       |       |       |       |   279 |   816 |   973 |  1076 |  2344 ||  5488
         Triple crossbow   |       |       |       |       |       |       |       |    23 |   252 ||   275
 Invoke: Slouch            |       |       |       |     2 |     2 |     4 |     7 |     4 |    13 ||    32
         Step From Time    |       |       |       |       |       |       |       |       |     1 ||     1
Ability: Dig               |       |     2 |       |     1 |       |       |       |       |       ||     3
         Shaft Self        |       |       |       |     2 |     1 |       |       |       |       ||     3
  Evoke: Lightning rod     |       |       |       |       |       |       |       |     2 |     2 ||     4
         Phantom mirror    |       |       |       |       |       |       |       |     2 |     2 ||     4
         Sack of spiders   |       |       |       |       |       |       |       |     1 |     2 ||     3
         Wand              |       |       |       |       |       |       |       |       |     6 ||     6
    Use: Scroll            |     2 |     4 |     5 |    13 |     5 |     6 |    10 |     4 |    16 ||    65
         Potion            |       |       |       |       |       |       |       |     1 |     9 ||    10
 Armour: Leather armour    |       |    23 |       |       |       |       |       |       |       ||    23
         Chain mail        |       |       |   109 |    79 |   157 |   103 |    90 |    98 |     6 ||   642
         Skin              |       |       |     1 |       |       |       |       |       |       ||     1
         Scale mail        |       |       |       |       |       |       |       |       |   221 ||   221
         Gold dragon scale |       |       |       |       |       |       |       |       |    82 ||    82
  Dodge: Dodged            |     1 |    28 |    62 |    36 |    77 |    58 |   237 |   244 |   785 ||  1528
  Block: Buckler           |       |       |       |    40 |   162 |       |       |       |       ||   202
         Kite shield       |       |       |       |       |    26 |   244 |   501 |   566 |    92 ||  1429
         Reflection        |       |       |       |       |     4 |    51 |    54 |    64 |    87 ||   260
         Tower shield      |       |       |       |       |       |       |       |       |  1807 ||  1807

Table legend: (Time is in decaauts)
 A = Elapsed time spent in this place.
 B = Non-inter-level travel time spent in this place.
 C = Inter-level travel time spent in this place.
 D = Time resting spent in this place.
 E = Time spent auto-exploring this place.
 F = Levels seen in this place.
 G = Mean time per level.
                   A        B        C        D        E       F      G
               +--------+--------+--------+--------+--------+-----+--------+
         Total | 102148 |  69458 |  32690 |   3370 |  52890 |  51 | 2002.9 |
       Dungeon |  24682 |  14100 |  10582 |    912 |  10500 |  15 | 1645.5 |
          Lair |  12285 |   8771 |   3514 |     14 |   7558 |   5 | 2457.0 |
        Shoals |   6489 |   4451 |   2038 |    186 |   3308 |   4 | 1622.2 |
     Snake Pit |   8594 |   6429 |   2165 |    104 |   5371 |   4 | 2148.5 |
  Orcish Mines |   4367 |   2796 |   1571 |    234 |   2024 |   2 | 2183.5 |
   Elven Halls |   5862 |   5082 |    780 |      6 |   4288 |   3 | 1954.0 |
        Vaults |  13491 |   9935 |   3556 |    358 |   7532 |   5 | 2698.2 |
         Crypt |   6015 |   4393 |   1622 |    131 |   3183 |   3 | 2005.0 |
        Depths |   8077 |   4355 |   3722 |    881 |   2349 |   4 | 2019.2 |
          Hell |   1256 |   1176 |     80 |      0 |    910 |   1 | 1256.0 |
           Zot |  11026 |   7971 |   3055 |    543 |   5863 |   5 | 2205.2 |
               +--------+--------+--------+--------+--------+-----+--------+

Top non-repeatable levels by time:
Vaults:1: 3500 daAuts
  Lair:3: 3369 daAuts
   Zot:3: 2995 daAuts
   Orc:2: 2923 daAuts
Vaults:4: 2910 daAuts
    D:10: 2899 daAuts
    D:13: 2651 daAuts
 Snake:1: 2636 daAuts
  Lair:4: 2457 daAuts
Depths:3: 2439 daAuts
Vaults:3: 2436 daAuts
  Lair:2: 2382 daAuts
 Snake:3: 2353 daAuts
Vaults:5: 2352 daAuts
Vaults:2: 2292 daAuts
